 Dungeon Crawl Stone Soup version 0.25.0-37-gb73750e0fb (webtiles) character file.

Game seed: 4682249495751464616

336 Revguard the Ogre Mage (level 6, -3/57 HPs)
             Began as an Ogre Fire Elementalist on July 8, 2020.
             Slain by an ice beast (10 damage)
             ... on level 4 of the Dungeon.
             The game lasted 00:14:05 (3856 turns).

Revguard the Ogre Mage (Ogre Fire Elementalist)     Turns: 3856, Time: 00:14:06

Health: -3/57      AC:  4    Str: 13    XL:     6   Next: 54%
Magic:  0/11       EV: 10    Int: 17    God:
Gold:   129        SH:  0    Dex: 10    Spells: 1/12 levels left

rFire    . . .     SeeInvis .   e - +0 mace
rCold    . . .     Gourm    .   (no shield)
rNeg     . . .     Faith    .   a - +0 robe
rPois    .         Spirit   +   (helmet restricted)
rElec    .         Reflect  .   l - +0 cloak
rCorr    .         Harm     .   (gloves unavailable)
MR       .....                  (boots unavailable)
Stlth    ++........             m - amulet of guardian spirit
HPRegen  0.19/turn              (no ring)
MPRegen  0.12/turn              (no ring)

@: lethally poisoned (-3 -> -7), very slightly contaminated
A: large, unfitting armour, tough skin 1
a: no special abilities


You were on level 4 of the Dungeon.
You were not hungry.

You visited 1 branch of the dungeon, and saw 7 of its levels.

You collected 129 gold pieces.

Inventory:

Hand Weapons
 b - a +0 whip
 e - a +0 mace (weapon)
Armour
 a - a +0 robe (worn)
 l - a +0 cloak (worn)
Jewellery
 i - a +4 ring of slaying {unknown}
 m - an amulet of guardian spirit (around neck)
Wands
 j - a wand of enslavement (2)
Scrolls
 d - 3 scrolls of remove curse
 p - a scroll of identify
Potions
 f - a potion of lignification
 g - a potion of curing {unknown}
 h - a potion of degeneration {unknown}
 k - a potion of stabbing {unknown}
 n - a potion of heal wounds {unknown}
 q - a potion of brilliance {unknown}
 r - a potion of resistance {unknown}
Comestibles
 c - 11 rations
 s - a chunk of flesh


   Skills:
 + Level 2.0 Fighting
 + Level 1.2 Maces & Flails
 + Level 2.6 Dodging
 - Level 1.4 Stealth
 + Level 3.8 Spellcasting
 + Level 2.4 Conjurations
 * Level 1.8 Hexes
 + Level 3.8 Fire Magic


You had one spell level left.
You knew the following spells:

 Your Spells              Type           Power        Failure   Level  Hunger
a - Foxfire               Conj/Fire      ##..         4%          1    None
b - Inner Flame           Hex/Fire       ##......     16%         3    ###....
c - Conjure Flame         Conj/Fire      ##......     13%         3    ###....
d - Sticky Flame          Conj/Fire      ##......     41%         4    ####...

Your spell library contained the following spells:

 Spells                   Type           Power        Failure   Level  Hunger
 Fireball                 Conj/Fire      ##........   77%         5    ######.


Dungeon Overview and Level Annotations

Branches:
Dungeon (7/15)
 Temple: D:4-7

Altars:
Ashenzari
Dithmenos
Hepliaklqana
Makhleb
Okawaru
Ru
Uskayaw


Innate Abilities, Weirdness & Mutations

You are too large for most types of armour.
You have tough skin. (AC +1)


Message History

Beogh smites you!
* * * LOW HITPOINT WARNING * * *
Found a runed dagger.
You see here 23 arrows.
You feel sick. What are your orders? t - Shout!
Orders for allies: a - Attack new target. p - Attack previous target. r - Retreat! s - Stop attacking. g - Guard the area. f - Follow me.
Anything else - Cancel.
Gang up on whom?
Press: ? - help, Dir - move target cursor, f - ice beast, p - worker ant
Aim: an ice beast Attack!
Your worker ant completely misses the ice beast.
The ice beast hits you.
* * * LOW HITPOINT WARNING * * *
The ice beast freezes you!
You die...

.... ## #.# ## # #
## .. .# # . ##
.######.# ##. ##.
[......## ..)#
...##$.#####........
....
.......(a......# #..
..oo..##@Y##...# ##
).o.. #.......# . ##
.... ###.....#....
#. #.. #........#
.#. #. #.........#
#... #
.............# #..#
#............# #...
#.............##....
###.##.#.###........


You could see an ice beast and a friendly worker ant (charmed).

Vanquished Creatures
  Purgy (D:3)
  A bullfrog (D:3)
  Jessica (D:2)
  A worker ant (D:7)
  Robin (D:3)
  3 adders
  A shadow imp (D:5)
  2 oozes
  A worm (D:2)
  4 dart slugs
  3 leopard geckos
  7 giant cockroaches
  11 goblins
  8 hobgoblins
  3 kobolds
  A quokka (D:2)
  8 bats
  4 frilled lizards (D:2)
  8 rats
69 creatures vanquished.

Vanquished Creatures (collateral kills)
  A goblin (D:3)
1 creature vanquished.

Vanquished Creatures (others)
  152 foxfires
152 creatures vanquished.

Grand Total: 222 creatures vanquished

Notes
Turn   | Place    | Note
-------+----------+-------------------------------------------
     0 | D:1      | Revguard the Ogre Fire Elementalist began the quest for the
                  | Orb.
     0 | D:1      | Reached XP level 1. HP: 16/16 MP: 3/3
   225 | D:1      | Reached XP level 2. HP: 16/24 MP: 2/5
   832 | D:1      | Reached XP level 3. HP: 32/32 MP: 5/7
   840 | D:1      | Learned a level 3 spell: Inner Flame
   844 | D:1      | Learned a level 3 spell: Conjure Flame
  1315 | D:2      | Noticed Jessica
  1320 | D:2      | Killed Jessica
  1320 | D:2      | Reached skill level 1 in Conjurations
  1320 | D:2      | Reached XP level 4. HP: 38/40 MP: 4/8
  2683 | D:3      | Reached skill level 1 in Hexes
  2702 | D:3      | Noticed Purgy
  2715 | D:3      | Killed Purgy
  2715 | D:3      | Reached skill level 1 in Fighting
  2715 | D:3      | Reached skill level 1 in Maces & Flails
  2715 | D:3      | Reached XP level 5. HP: 28/48 MP: 0/10
  2723 | D:3      | Learned a level 4 spell: Sticky Flame
  2729 | D:3      | Noticed Robin
  2949 | D:3      | Killed Robin
  3316 | D:3      | Reached XP level 6. HP: 57/57 MP: 6/11
  3387 | D:3      | Found a sacrificial altar of Ru.
  3400 | D:3      | Found a hazy altar of Hepliaklqana.
  3403 | D:3      | Found a hide-covered altar of Uskayaw.
  3403 | D:3      | Found a shattered altar of Ashenzari.
  3403 | D:3      | Found a burning altar of Makhleb.
  3405 | D:3      | Found a shadowy altar of Dithmenos.
  3509 | D:3      | Found an iron altar of Okawaru.
  3713 | D:4      | You fall into a shaft and drop 3 floors!
  3793 | D:5      | Entered Level 5 of the Dungeon
  3802 | D:5      | Noticed a phantom
  3829 | D:5      | Noticed an ice beast
  3856 | D:4      | Slain by an ice beast

Illustrated notes

Levels and vault maps discovered:
D:1:      dpeg_arrival_lava_temple_mockup, layout_loops_cross, minivault_19
D:2:      layout_loops_corners, kennysheep_generic_room_9, uniq_jessica
D:3:      layout_rooms, nicolae_overflow_hidden_temple, minitemple, uniq_robin,
          uniq_purgy
D:4:      layout_rooms, kennysheep_mini, elyvilon_altar_5
D:5:      layout_loops_cross, grunt_temple_overflow_forces_of_nature,
          enter_ossuary_3, first_ration, minmay_gold_behind_fungi,
          lemuel_flamethrower_2
D:6:      cheibrodos_steamvent, layout_basic, temple_green,
          corexii_hall_statues_l, lemuel_oklob_altar
D:7:      layout_basic, nicolae_gozag_cash_rules_everything_around_me,
          old_standard_altar, the_bakery

Skill      XL: |  1  2  3  4  5  6 |
---------------+-------------------+-----
Fire Magic     | 3 |  3.8
Spellcasting   | 3 |  3.8
Dodging        | 2 |  2.6
Conjurations   | 1 2 |  2.4
Hexes          | 1 |  1.8
Fighting       | 1 2 |  2.0
Maces & Flails | 1 |  1.2
Stealth        | |  1.4

Action                   |  1- 3 |  4- 6 || total
-------------------------+-------+-------++-------
Melee: Whip              |    27 |    45 ||    72
       Mace              |       |    58 ||    58
 Cast: Foxfire           |    33 |    68 ||   101
       Inner Flame       |       |     2 ||     2
       Conjure Flame     |       |     1 ||     1
Evoke: Wand              |       |     3 ||     3
  Use: Scroll            |       |     4 ||     4
 Stab: Distracted        |       |     1 ||     1
  Eat: Chunk             |     1 |     9 ||    10
Armor: Robe              |    12 |    41 ||    53
Dodge: Dodged            |    16 |    80 ||    96
